| TOP OF THE 1ST |
|
Detroit (APP) Tigers batting - Pitching for Elizabethton Twins : LHP Yeijiro Kimura
|
|
Pitching: LHP Yeijiro Kimura
|
|
|
Batting: SHB Jean-Luc Legros
|
0-0: Foul Ball, location: 2F 0-1: Ball 1-1: SOLO HOME RUN (Flyball, 78XD, EV 99.4 MPH), Distance : 397 ft
|
|
Batting: LHB Isao Fukui
|
0-0: Ground out 5-3 (Groundball, 56, EV 84.4 MPH)
|
|
Batting: RHB German Quiroga
|
0-0: Ball 1-0: Swinging Strike 1-1: Ball 2-1: Ball 3-1: Called Strike 3-2: Foul Ball, location: 2F 3-2: Base on Balls
|
|
Batting: RHB Juan Acero
|
0-0: Called Strike German Quiroga steals 2nd base 0-1: Foul Ball, location: 2F 0-2: Ball Wild Pitch! German Quiroga to third 1-2: Ball 2-2: Foul Ball, location: 2F 2-2: Strikes out swinging
|
|
Batting: RHB Adam Fisher
|
0-0: Fly out, F8 (Flyball, 8RM, EV 97.5 MPH)
|
| Top of the 1st over - 1 run, 1 hit, 0 errors, 1 left on base; Detroit (APP) 1 - Elizabethton 0 |
| BOTTOM OF THE 1ST |
|
Elizabethton Twins batting - Pitching for Detroit (APP) Tigers : RHP Alex Amparo
|
|
Pitching: RHP Alex Amparo
|
|
|
Batting: RHB Caleb Bockmann
|
0-0: Ball 1-0: Called Strike 1-1: Ball 2-1: SINGLE (Groundball, 6M, EV 82.5 MPH) (infield hit)
|
|
Batting: RHB Kevin Harris
|
0-0: Called Strike 0-1: Called Strike 0-2: Foul Ball, location: 2F 0-2: Ball 1-2: Foul Ball, location: 2F 1-2: Fielders Choice at 2nd, 5-4 (Groundball, 56, EV 103.1 MPH)
|
|
Batting: LHB Marshall Daul
|
0-0: Ball 1-0: Called Strike Kevin Harris steals 2nd base 1-1: Swinging Strike 1-2: Strikes out swinging
|
|
Batting: LHB Brian Wagner
|
0-0: Foul Ball, location: 2F 0-1: Ball 1-1: Ball 2-1: SINGLE (Groundball, 34S, EV 69.4 MPH) (infield hit) Kevin Harris to third
|
|
Batting: LHB Hector Olvera
|
0-0: Ball 1-0: Fielders Choice at 2nd, 6-4 (Groundball, 6, EV 76.9 MPH)
|
| Bottom of the 1st over - 0 runs, 2 hits, 0 errors, 2 left on base; Detroit (APP) 1 - Elizabethton 0 |
| TOP OF THE 2ND |
|
Detroit (APP) Tigers batting - Pitching for Elizabethton Twins : LHP Yeijiro Kimura
|
|
Batting: RHB Nate Dabney
|
0-0: Swinging Strike 0-1: Called Strike 0-2: Strikes out swinging
|
|
Batting: LHB Afanasy Zasekin
|
0-0: Ball 1-0: Ground out 6-3 (Groundball, 4, EV 81.9 MPH)
|
|
Batting: RHB Yankel Pensak
|
0-0: Called Strike 0-1: Called Strike 0-2: Foul Ball, location: 2F 0-2: Ground out 5-3 (Groundball, 5, EV 101.9 MPH)
|
| Top of the 2nd over - 0 runs, 0 hits, 0 errors, 0 left on base; Detroit (APP) 1 - Elizabethton 0 |
| BOTTOM OF THE 2ND |
|
Elizabethton Twins batting - Pitching for Detroit (APP) Tigers : RHP Alex Amparo
|
|
Batting: LHB David Ramos
|
0-0: Ball 1-0: SINGLE (Groundball, 34S, EV 66.9 MPH) (infield hit)
|
|
Batting: RHB Sergio Gomez
|
0-0: Foul Ball, location: 2F 0-1: Ball 1-1: Ball 2-1: Called Strike David Ramos steals 2nd base 2-2: DOUBLE (Line Drive, 7LD, EV 98.8 MPH) David Ramos scores
|
|
Pitching: RHP Malcolm Holz
|
|
|
Batting: LHB Jon Ventura
|
0-0: Swinging Strike 0-1: Ball 1-1: SINGLE (Groundball, 6MD, EV 108.1 MPH) Sergio Gomez to third
|
|
Batting: RHB David McDonald
|
0-0: Called Strike Jon Ventura steals 2nd base 0-1: Foul Ball, location: 2F 0-2: Fly out, F7 (Line Drive, 78M, EV 95.6 MPH)
|
|
Batting: RHB Caleb Bockmann
|
0-0: Ball 1-0: Foul Ball, location: 2F 1-1: Ball 2-1: SINGLE (Groundball, 56, EV 97.5 MPH) Sergio Gomez scores Jon Ventura to third
|
|
Batting: RHB Kevin Harris
|
0-0: Called Strike 0-1: Ball 1-1: Ball Caleb Bockmann is caught stealing 2nd base 2-4 2-1: Ball 3-1: Fly out, F8 (Flyball, 8RD, EV 88.8 MPH)
|
| Bottom of the 2nd over - 2 runs, 4 hits, 0 errors, 1 left on base; Detroit (APP) 1 - Elizabethton 2 |
| TOP OF THE 3RD |
|
Detroit (APP) Tigers batting - Pitching for Elizabethton Twins : LHP Yeijiro Kimura
|
|
Batting: LHB Timotheus Young
|
0-0: Ball 1-0: Swinging Strike 1-1: Foul Ball, location: 2F 1-2: Ball 2-2: Ball 3-2: Base on Balls
|
|
Batting: SHB Jean-Luc Legros
|
0-0: Ball 1-0: 2-RUN HOME RUN (Flyball, 78XD, EV 103.8 MPH), Distance : 407 ft
|
|
Batting: LHB Isao Fukui
|
0-0: Ball 1-0: Foul Ball, location: 2F 1-1: Ball 2-1: Foul Ball, location: 2F 2-2: Strikes out swinging
|
|
Batting: RHB German Quiroga
|
0-0: Foul Ball, location: 2F 0-1: Ball 1-1: Ground out 6-3 (Groundball, 6, EV 109.4 MPH)
|
|
Batting: RHB Juan Acero
|
0-0: Called Strike 0-1: Ball 1-1: Ball 2-1: Foul Ball, location: 2F 2-2: Strikes out swinging
|
| Top of the 3rd over - 2 runs, 1 hit, 0 errors, 0 left on base; Detroit (APP) 3 - Elizabethton 2 |
| BOTTOM OF THE 3RD |
|
Elizabethton Twins batting - Pitching for Detroit (APP) Tigers : RHP Malcolm Holz
|
|
Batting: LHB Marshall Daul
|
0-0: Foul Ball, location: 2F 0-1: Foul Ball, location: 2F 0-2: Foul Ball, location: 2F 0-2: Ball 1-2: Ball 2-2: Foul Ball, location: 2F 2-2: Foul Ball, location: 2F 2-2: Ball 3-2: Base on Balls
|
|
Pitching: RHP Bert Hernandez
|
|
|
Batting: LHB Brian Wagner
|
0-0: SINGLE (Groundball, 3D, EV 97.5 MPH) Marshall Daul to second Marshall Daul to third
|
|
Batting: LHB Hector Olvera
|
0-0: Ball 1-0: Swinging Strike 1-1: Called Strike 1-2: Strikes out looking
|
|
Batting: LHB David Ramos
|
0-0: Ball 1-0: Ball Brian Wagner steals 2nd, throwing error, E2 Marshall Daul scores Brian Wagner to third 2-0: Called Strike 2-1: Ball 3-1: Base on Balls
|
|
Batting: RHB Sergio Gomez
|
0-0: Ball 1-0: Ball David Ramos steals 2nd base 2-0: Ball 3-0: Base on Balls
|
|
Batting: LHB Jon Ventura
|
0-0: Ball 1-0: Ball 2-0: Ball 3-0: Called Strike 3-1: DOUBLE (Flyball, 89XD, EV 98.8 MPH) Brian Wagner scores David Ramos scores Sergio Gomez to third
|
|
Pitching: RHP Matt Haberle
|
|
|
Batting: RHB David McDonald
|
0-0: Called Strike 0-1: Swinging Strike 0-2: Foul Ball, location: 2F 0-2: Ball 1-2: Ball 2-2: Strikes out swinging
|
|
Batting: RHB Caleb Bockmann
|
0-0: Called Strike 0-1: Ball 1-1: Ball 2-1: Fly out, F8 (Flyball, 8RD, EV 95.0 MPH)
|
| Bottom of the 3rd over - 3 runs, 2 hits, 1 error, 2 left on base; Detroit (APP) 3 - Elizabethton 5 |
| TOP OF THE 4TH |
|
Detroit (APP) Tigers batting - Pitching for Elizabethton Twins : LHP Yeijiro Kimura
|
|
Pitching: LHP Mike Horton
|
|
|
Batting: RHB Adam Fisher
|
0-0: DOUBLE (Line Drive, 9LM, EV 103.1 MPH) - OUT at third base trying to stretch hit.
|
|
Batting: RHB Nate Dabney
|
0-0: Ground out 6-3 (Groundball, 6, EV 83.8 MPH)
|
|
Batting: LHB Afanasy Zasekin
|
0-0: Swinging Strike 0-1: Ball 1-1: Ball 2-1: Ball 3-1: Called Strike 3-2: Foul Ball, location: 2F 3-2: Foul Ball, location: 2F 3-2: Strikes out swinging
|
| Top of the 4th over - 0 runs, 1 hit, 0 errors, 0 left on base; Detroit (APP) 3 - Elizabethton 5 |
| BOTTOM OF THE 4TH |
|
Elizabethton Twins batting - Pitching for Detroit (APP) Tigers : RHP Matt Haberle
|
|
Batting: RHB Kevin Harris
|
0-0: Ball 1-0: Ball 2-0: Foul Ball, location: 2F 2-1: Foul Ball, location: 2F 2-2: Foul Ball, location: 2F 2-2: Ball 3-2: SINGLE (Flyball, 3D, EV 91.2 MPH)
|
|
Batting: LHB Marshall Daul
|
0-0: Ball Kevin Harris steals 2nd base 1-0: Ball 2-0: Called Strike 2-1: Called Strike 2-2: Ball 3-2: SINGLE (Line Drive, 8LS, EV 111.2 MPH) Kevin Harris to third
|
|
Batting: LHB Brian Wagner
|
0-0: Called Strike Marshall Daul steals 2nd, throwing error, E2 Kevin Harris scores Marshall Daul to third 0-1: Foul Ball, location: 2F 0-2: Ground out 4-3 (Groundball, 4S, EV 86.9 MPH) Marshall Daul scores
|
|
Batting: LHB Hector Olvera
|
0-0: Ball 1-0: Ball 2-0: Ball 3-0: Base on Balls
|
|
Batting: LHB David Ramos
|
0-0: Ball 1-0: SINGLE (Groundball, 56S, EV 69.4 MPH) (infield hit) Hector Olvera to second
|
|
Batting: RHB Sergio Gomez
|
0-0: Foul Ball, location: 2F 0-1: Foul Ball, location: 2F 0-2: Ball Passed Ball! Hector Olvera to third David Ramos to second 1-2: 3-RUN HOME RUN (Flyball, 9LD, EV 91.9 MPH), Distance : 346 ft
|
|
Batting: LHB Jon Ventura
|
0-0: Ball 1-0: Ball 2-0: Ball 3-0: Foul Ball, location: 2F 3-1: Swinging Strike 3-2: Strikes out swinging
|
|
Batting: RHB David McDonald
|
0-0: DOUBLE (Flyball, 8LD, EV 96.9 MPH)
|
|
Batting: RHB Caleb Bockmann
|
0-0: Called Strike 0-1: TRIPLE (Line Drive, 89XD, EV 113.1 MPH) David McDonald scores
|
|
Batting: RHB Kevin Harris
|
0-0: Ground out 6-3 (Groundball, 6, EV 104.4 MPH)
|
| Bottom of the 4th over - 6 runs, 6 hits, 1 error, 1 left on base; Detroit (APP) 3 - Elizabethton 11 |
| TOP OF THE 5TH |
|
Detroit (APP) Tigers batting - Pitching for Elizabethton Twins : LHP Mike Horton
|
|
Batting: RHB Yankel Pensak
|
0-0: Ball 1-0: Foul Ball, location: 2F 1-1: Called Strike 1-2: SINGLE (Groundball, 56S, EV 70.0 MPH) (infield hit)
|
|
Batting: LHB Timotheus Young
|
0-0: Ball 1-0: Called Strike 1-1: Foul Ball, location: 2F 1-2: Fielders Choice at 2nd, 3-6 (Groundball, 3, EV 84.4 MPH)
|
|
Pitching: LHP Bryan Rouse
|
|
|
Batting: SHB Jean-Luc Legros
|
0-0: Ball 1-0: Ball 2-0: Ball 3-0: Called Strike 3-1: Foul Ball, location: 2F 3-2: Ground out 6-3 (Groundball, 6, EV 86.2 MPH) Timotheus Young to second
|
|
Batting: LHB Isao Fukui
|
0-0: Ball 1-0: Called Strike 1-1: DOUBLE (Groundball, 3L, EV 103.1 MPH) Timotheus Young scores
|
|
Batting: RHB German Quiroga
|
0-0: Ball 1-0: 2-RUN HOME RUN (Flyball, 9D, EV 93.1 MPH), Distance : 374 ft
|
|
Batting: RHB Juan Acero
|
0-0: Ball 1-0: Foul Ball, location: 2F 1-1: SOLO HOME RUN (Flyball, 7D, EV 100.6 MPH), Distance : 380 ft
|
|
Batting: RHB Adam Fisher
|
0-0: Foul Ball, location: 2F 0-1: Foul Ball, location: 2F 0-2: Ball 1-2: SINGLE (Groundball, 6MD, EV 98.1 MPH)
|
|
Pitching: RHP Takeshi Kusanagi
|
|
|
Batting: RHB Nate Dabney
|
0-0: Called Strike 0-1: Foul Ball, location: 2F 0-2: Foul Ball, location: 2F 0-2: DOUBLE (Groundball, 5L, EV 110.6 MPH) Adam Fisher to third
|
|
Batting: LHB Afanasy Zasekin
|
0-0: Foul Ball, location: 2F 0-1: Ball 1-1: Called Strike 1-2: Strikes out swinging
|
| Top of the 5th over - 4 runs, 6 hits, 0 errors, 2 left on base; Detroit (APP) 7 - Elizabethton 11 |
| BOTTOM OF THE 5TH |
|
Elizabethton Twins batting - Pitching for Detroit (APP) Tigers : RHP Matt Haberle
|
|
Batting: LHB Marshall Daul
|
0-0: Called Strike 0-1: Called Strike 0-2: Ball 1-2: Ball 2-2: Strikes out swinging
|
|
Batting: LHB Brian Wagner
|
0-0: Ball 1-0: Ball 2-0: Ball 3-0: Base on Balls
|
|
Batting: LHB Hector Olvera
|
0-0: Called Strike Brian Wagner steals 2nd base 0-1: Ball 1-1: Foul Ball, location: 2F 1-2: Foul Ball, location: 2F 1-2: Strikes out looking
|
|
Batting: LHB David Ramos
|
0-0: Ball 1-0: 2-RUN HOME RUN (Flyball, 9D, EV 97.5 MPH), Distance : 371 ft
|
|
Pitching: RHP Yasutaka Yamasaki
|
|
|
Batting: RHB Sergio Gomez
|
0-0: Ball 1-0: Fly out, F3 (Popup, 3SF, EV 81.9 MPH)
|
| Bottom of the 5th over - 2 runs, 1 hit, 0 errors, 0 left on base; Detroit (APP) 7 - Elizabethton 13 |
| TOP OF THE 6TH |
|
Detroit (APP) Tigers batting - Pitching for Elizabethton Twins : RHP Takeshi Kusanagi
|
|
Batting: RHB Yankel Pensak
|
0-0: Ball 1-0: SINGLE (Line Drive, 6MD, EV 95.0 MPH)
|
|
Batting: LHB Timotheus Young
|
0-0: Called Strike 0-1: Ball 1-1: Foul Ball, location: 2F 1-2: Strikes out swinging
|
|
Batting: SHB Jean-Luc Legros
|
0-0: Called Strike 0-1: Ball 1-1: Ball 2-1: Ball Yankel Pensak is caught stealing 2nd base 2-6 3-1: Base on Balls
|
|
Pitching: RHP Miguel Montelongo
|
|
|
Batting: LHB Isao Fukui
|
0-0: Fly out, F7 (Flyball, 78S, EV 86.9 MPH)
|
| Top of the 6th over - 0 runs, 1 hit, 0 errors, 1 left on base; Detroit (APP) 7 - Elizabethton 13 |
| BOTTOM OF THE 6TH |
|
Elizabethton Twins batting - Pitching for Detroit (APP) Tigers : RHP Yasutaka Yamasaki
|
|
Batting: LHB Jon Ventura
|
0-0: Swinging Strike 0-1: Called Strike 0-2: Strikes out swinging
|
|
Batting: RHB David McDonald
|
0-0: Ball 1-0: Fly out, F7 (Flyball, 7LS, EV 90.6 MPH)
|
|
Batting: RHB Caleb Bockmann
|
0-0: Called Strike 0-1: Ball 1-1: Reached on error, E5 (Groundball, 56S, EV 85.6 MPH)
|
|
Batting: RHB Kevin Harris
|
0-0: Ball 1-0: Ball 2-0: Ball 3-0: Base on Balls
|
|
Batting: LHB Marshall Daul
|
0-0: Ball 1-0: Swinging Strike 1-1: Foul Ball, location: 2F 1-2: Fly out, F8 (Flyball, 8LS, EV 90.6 MPH)
|
| Bottom of the 6th over - 0 runs, 0 hits, 1 error, 2 left on base; Detroit (APP) 7 - Elizabethton 13 |
| TOP OF THE 7TH |
|
Detroit (APP) Tigers batting - Pitching for Elizabethton Twins : RHP Miguel Montelongo
|
|
Batting: RHB German Quiroga
|
0-0: Called Strike 0-1: Called Strike 0-2: Ball 1-2: Foul Ball, location: 2F 1-2: Foul Ball, location: 2F 1-2: Foul Ball, location: 2F 1-2: Foul Ball, location: 2F 1-2: Ball 2-2: Ball 3-2: Base on Balls
|
|
Batting: RHB Juan Acero
|
0-0: Ball 1-0: Called Strike 1-1: Swinging Strike 1-2: Strikes out looking
|
|
Batting: RHB Adam Fisher
|
0-0: Ball 1-0: Ball 2-0: Ball 3-0: Base on Balls German Quiroga to second
|
|
Pitching: RHP Brian Waldrip
|
|
|
Batting: RHB Nate Dabney
|
0-0: Swinging Strike 0-1: Ball 1-1: Foul Ball, location: 2F 1-2: Foul Ball, location: 2F 1-2: Strikes out swinging
|
|
Batting: LHB Afanasy Zasekin
|
0-0: 3-RUN HOME RUN (Flyball, 9LD, EV 93.8 MPH), Distance : 353 ft
|
|
Batting: RHB Yankel Pensak
|
0-0: Ball 1-0: SINGLE (Groundball, 56, EV 98.8 MPH) (infield hit)
|
|
Batting: LHB Timotheus Young
|
0-0: Ball 1-0: Ball 2-0: Foul Ball, location: 2F 2-1: SINGLE (Groundball, 5S, EV 77.5 MPH) (infield hit) Yankel Pensak to second
|
|
Batting: SHB Jean-Luc Legros
|
0-0: Ball 1-0: Called Strike 1-1: Ball 2-1: 3-RUN HOME RUN (Line Drive, 9D, EV 101.9 MPH), Distance : 390 ft
|
|
Pitching: LHP Mark Challinor
|
|
|
Batting: LHB Isao Fukui
|
0-0: Ground out 6-3 (Groundball, 4M, EV 103.8 MPH)
|
| Top of the 7th over - 6 runs, 4 hits, 0 errors, 0 left on base; Detroit (APP) 13 - Elizabethton 13 |
| BOTTOM OF THE 7TH |
|
Elizabethton Twins batting - Pitching for Detroit (APP) Tigers : RHP Yasutaka Yamasaki
|
|
Batting: LHB Brian Wagner
|
0-0: Ball 1-0: Ball 2-0: Fly out, F8 (Flyball, 8LXD, EV 86.9 MPH)
|
|
Batting: LHB Hector Olvera
|
0-0: Swinging Strike 0-1: TRIPLE (Groundball, 3D, EV 103.8 MPH)
|
|
Batting: LHB David Ramos
|
0-0: Ball 1-0: Called Strike 1-1: Swinging Strike 1-2: Ball Wild Pitch! Hector Olvera scores 2-2: Strikes out looking
|
|
Batting: RHB Sergio Gomez
|
0-0: Called Strike 0-1: Ball 1-1: Swinging Strike 1-2: Foul Ball, location: 2F 1-2: Ball 2-2: Ball 3-2: Ground out U3 (Groundball, 34, EV 100.6 MPH)
|
| Bottom of the 7th over - 1 run, 1 hit, 0 errors, 0 left on base; Detroit (APP) 13 - Elizabethton 14 |
| TOP OF THE 8TH |
|
Detroit (APP) Tigers batting - Pitching for Elizabethton Twins : LHP Mark Challinor
|
|
Batting: RHB German Quiroga
|
0-0: Ball 1-0: Ball 2-0: Foul Ball, location: 2F 2-1: Foul Ball, location: 2F 2-2: Foul Ball, location: 2F 2-2: Foul Ball, location: 2F 2-2: Strikes out swinging
|
|
Batting: RHB Juan Acero
|
0-0: Ball 1-0: Called Strike 1-1: Ball 2-1: Swinging Strike 2-2: Ball 3-2: SOLO HOME RUN (Flyball, 7D, EV 99.4 MPH), Distance : 380 ft
|
|
Batting: RHB Adam Fisher
|
0-0: Ball 1-0: Called Strike 1-1: Called Strike 1-2: Strikes out swinging
|
|
Batting: RHB Nate Dabney
|
0-0: Ball 1-0: Called Strike 1-1: Ball 2-1: Ball 3-1: Base on Balls
|
|
Batting: LHB Afanasy Zasekin
|
0-0: Ball 1-0: Swinging Strike 1-1: Ball 2-1: Ball 3-1: Base on Balls Nate Dabney to second
|
|
Batting: RHB Yankel Pensak
|
0-0: Ball 1-0: Ball 2-0: Ball 3-0: Called Strike 3-1: Foul Ball, location: 2F 3-2: Base on Balls Nate Dabney to third Afanasy Zasekin to second
|
|
Batting: LHB Timotheus Young
|
0-0: Ground out 4-3 (Groundball, 4, EV 76.9 MPH)
|
| Top of the 8th over - 1 run, 1 hit, 0 errors, 3 left on base; Detroit (APP) 14 - Elizabethton 14 |
| BOTTOM OF THE 8TH |
|
Elizabethton Twins batting - Pitching for Detroit (APP) Tigers : RHP Yasutaka Yamasaki
|
|
Batting: LHB Jon Ventura
|
0-0: Swinging Strike 0-1: Ball 1-1: SOLO HOME RUN (Flyball, 9D, EV 96.2 MPH), Distance : 360 ft
|
|
Batting: RHB David McDonald
|
0-0: Ball 1-0: Ball 2-0: Foul Ball, location: 2F 2-1: Foul Ball, location: 2F 2-2: Foul Ball, location: 2F 2-2: SOLO HOME RUN (Line Drive, 7D, EV 102.5 MPH), Distance : 387 ft
|
|
Batting: RHB Caleb Bockmann
|
0-0: Swinging Strike 0-1: Ball 1-1: Ball 2-1: SOLO HOME RUN (Line Drive, 7LD, EV 95.0 MPH), Distance : 355 ft
|
|
Batting: RHB Kevin Harris
|
0-0: Called Strike 0-1: Ball 1-1: Ball 2-1: Hit by Pitch
|
|
Batting: LHB Marshall Daul
|
0-0: Ball 1-0: Ball 2-0: Swinging Strike 2-1: Foul Ball, location: 2F 2-2: Foul Ball, location: 2F 2-2: Ball 3-2: Fly out, F8 (Line Drive, 8RM, EV 96.2 MPH)
|
|
Batting: LHB Brian Wagner
|
0-0: Called Strike 0-1: Ball 1-1: Hit by Pitch Kevin Harris to second
|
|
Pitching: RHP Alvaro Patino
|
|
|
Batting: LHB Hector Olvera
|
0-0: Ball 1-0: Fielders Choice at 2nd, 4-6 (Groundball, 4, EV 103.8 MPH) Kevin Harris to third
|
|
Batting: LHB David Ramos
|
0-0: Ball 1-0: Foul Ball, location: 2F 1-1: Swinging Strike 1-2: DOUBLE (Line Drive, 9LM, EV 105.0 MPH) Kevin Harris scores Hector Olvera to third
|
|
Batting: RHB Sergio Gomez
|
0-0: Foul Ball, location: 2F 0-1: Ground out 1-3 (Groundball, 34S, EV 71.2 MPH)
|
| Bottom of the 8th over - 4 runs, 4 hits, 0 errors, 2 left on base; Detroit (APP) 14 - Elizabethton 18 |
| TOP OF THE 9TH |
|
Detroit (APP) Tigers batting - Pitching for Elizabethton Twins : LHP Mark Challinor
|
|
Batting: SHB Jean-Luc Legros
|
0-0: Called Strike 0-1: Called Strike 0-2: Strikes out swinging
|
|
Batting: LHB Isao Fukui
|
0-0: Called Strike 0-1: Ball 1-1: SINGLE (Flyball, 78S, EV 88.1 MPH)
|
|
Batting: RHB German Quiroga
|
0-0: Ball 1-0: Ball 2-0: Ball 3-0: Base on Balls Isao Fukui to second
|
|
Batting: RHB Juan Acero
|
0-0: Ball 1-0: Ball 2-0: Ball 3-0: Base on Balls Isao Fukui to third German Quiroga to second
|
|
Batting: RHB Adam Fisher
|
0-0: Fielders Choice at 2nd, U6 (Groundball, 4M, EV 79.4 MPH) Isao Fukui scores German Quiroga to third
|
|
Batting: RHB Nate Dabney
|
0-0: Called Strike 0-1: Ball 1-1: Ball 2-1: Swinging Strike 2-2: Foul Ball, location: 2F 2-2: Ball 3-2: SINGLE (Groundball, 6MD, EV 105.6 MPH) German Quiroga scores Adam Fisher to second Adam Fisher to third
|
|
Batting: LHB Afanasy Zasekin
|
0-0: Fielders Choice at 2nd, 5-4 (Groundball, 56, EV 84.4 MPH)
|
| Top of the 9th over - 2 runs, 2 hits, 0 errors, 2 left on base; Detroit (APP) 16 - Elizabethton 18 |
|